TOP OF THE 1ST |
UCLA Bruins batting - Pitching for Vanderbilt University Commodores : LHP Ron Rubino
|
Pitching: LHP Ron Rubino
|
|
Batting: RHB Benedikt Fleischmann
|
0-0: Ground out 4-3 (Groundball, 4D, EV 103.8 MPH)
|
Batting: RHB Hidesuke Yoshida
|
0-0: Fly out, F8 (Flyball, 8RD, EV 92.5 MPH)
|
Batting: RHB Juan Carrillo
|
0-0: Foul Ball, location: 2F 0-1: Fly out, F7 (Flyball, 7D, EV 110.0 MPH)
|
Top of the 1st over - 0 runs, 0 hits, 0 errors, 0 left on base; UCLA 0 - Vanderbilt University 0 |
BOTTOM OF THE 1ST |
Vanderbilt University Commodores batting - Pitching for UCLA Bruins : RHP Billy McKinzie
|
Pitching: RHP Billy McKinzie
|
|
Batting: LHB Nate Greening
|
0-0: Foul Ball, location: 2F 0-1: Ball 1-1: Foul Ball, location: 2F 1-2: Ball 2-2: DOUBLE (Line Drive, 78D, EV 106.2 MPH)
|
Batting: RHB Alex Diaz
|
0-0: Foul Ball, location: 2F 0-1: Ground out 5-3 (Groundball, 25, EV 80.0 MPH)
|
Batting: RHB Luis Jara
|
0-0: Foul Ball, location: 2F 0-1: SINGLE (Line Drive, 4MD, EV 99.4 MPH) Nate Greening to third Runner from 3rd tries for Home, SAFE, throw by CF to home
|
Batting: LHB Pete Mitchell
|
0-0: Foul Ball, location: 2F 0-1: Ball 1-1: Ball 2-1: Called Strike 2-2: Foul Ball, location: 2F 2-2: Foul Ball, location: 2F 2-2: Ball 3-2: Foul Ball, location: 2F 3-2: Base on Balls Luis Jara to second
|
Batting: LHB Jose Diaz
|
0-0: Ball 1-0: Swinging Strike 1-1: Called Strike 1-2: Strikes out swinging
|
Batting: RHB Gary Smith
|
0-0: Ball 1-0: Ball 2-0: Foul Ball, location: 2F 2-1: Foul Ball, location: 2F 2-2: Ball 3-2: Base on Balls Luis Jara to third Pete Mitchell to second
|
Batting: LHB Mario Garza
|
0-0: Called Strike 0-1: Hit by Pitch Luis Jara scores Pete Mitchell to third Gary Smith to second
|
Batting: SHB Felipe Campanella
|
0-0: Ball 1-0: Ball 2-0: Fly out, F9 (Flyball, 9, EV 86.9 MPH)
|
Bottom of the 1st over - 2 runs, 2 hits, 0 errors, 3 left on base; UCLA 0 - Vanderbilt University 2 |
TOP OF THE 2ND |
UCLA Bruins batting - Pitching for Vanderbilt University Commodores : LHP Ron Rubino
|
Batting: RHB Xavier Reeves
|
0-0: Foul Ball, location: 2F 0-1: Foul Ball, location: 2F 0-2: Foul Ball, location: 2F 0-2: Ball 1-2: Ball 2-2: Ball 3-2: Ground out 5-3 (Groundball, 56S, EV 70.0 MPH)
|
Batting: RHB Angel Melendez
|
0-0: Called Strike 0-1: Swinging Strike 0-2: Ball 1-2: Foul Ball, location: 2F 1-2: SINGLE (Groundball, 6, EV 96.9 MPH)
|
Batting: RHB Issac Konol
|
0-0: Called Strike 0-1: Ground out 4-3 (Groundball, 4MD, EV 112.5 MPH) Angel Melendez to second
|
Pitching: RHP Alex de la Cruz
|
|
Batting: SHB Sean Munns
|
0-0: Swinging Strike 0-1: Ball 1-1: Hit by Pitch
|
Batting: RHB Carlos Murillo
|
0-0: Ball 1-0: Ball 2-0: Ball 3-0: Called Strike 3-1: Called Strike 3-2: Foul Ball, location: 2F 3-2: Foul Ball, location: 2F 3-2: Foul Ball, location: 2F 3-2: Foul Ball, location: 2F 3-2: Base on Balls Angel Melendez to third Sean Munns to second
|
Batting: LHB Mark Cummings
|
0-0: Foul Ball, location: 2F 0-1: Foul Ball, location: 2F 0-2: Ball 1-2: Ground out 4-3 (Groundball, 4, EV 105.0 MPH)
|
Top of the 2nd over - 0 runs, 1 hit, 0 errors, 3 left on base; UCLA 0 - Vanderbilt University 2 |
BOTTOM OF THE 2ND |
Vanderbilt University Commodores batting - Pitching for UCLA Bruins : RHP Billy McKinzie
|
Batting: RHB Pakiana Kileona
|
0-0: Called Strike 0-1: Foul Ball, location: 2F 0-2: Strikes out looking
|
Batting: LHB Nate Greening
|
0-0: Ball 1-0: Called Strike 1-1: Ball 2-1: Ball 3-1: Fly out, F8 (Flyball, 8LXD, EV 104.4 MPH)
|
Batting: RHB Alex Diaz
|
0-0: Called Strike 0-1: Foul Ball, location: 2F 0-2: Strikes out looking
|
Bottom of the 2nd over - 0 runs, 0 hits, 0 errors, 0 left on base; UCLA 0 - Vanderbilt University 2 |
TOP OF THE 3RD |
UCLA Bruins batting - Pitching for Vanderbilt University Commodores : RHP Alex de la Cruz
|
Batting: RHB Benedikt Fleischmann
|
0-0: Swinging Strike 0-1: Called Strike 0-2: Ball 1-2: Foul Ball, location: 2F 1-2: Foul Ball, location: 2F 1-2: Foul Ball, location: 2F 1-2: Ball 2-2: Ball 3-2: SINGLE (Groundball, 4S, EV 72.5 MPH) (infield hit)
|
Batting: RHB Hidesuke Yoshida
|
0-0: Ball 1-0: Ball 2-0: Ball 3-0: Called Strike 3-1: Called Strike 3-2: Base on Balls Benedikt Fleischmann to second
|
Batting: RHB Juan Carrillo
|
0-0: Called Strike 0-1: Foul Ball, location: 2F 0-2: Fielders Choice at 2nd, 1-4 (Groundball, 15S, EV 68.8 MPH) Benedikt Fleischmann to third
|
Batting: RHB Xavier Reeves
|
0-0: SINGLE (Groundball, 56S, EV 72.5 MPH) (infield hit) Benedikt Fleischmann scores Juan Carrillo to second
|
Batting: RHB Angel Melendez
|
0-0: Ball 1-0: Grounds into double play, 6-4-3 (Groundball, 6, EV 91.9 MPH)
|
Top of the 3rd over - 1 run, 2 hits, 0 errors, 1 left on base; UCLA 1 - Vanderbilt University 2 |
BOTTOM OF THE 3RD |
Vanderbilt University Commodores batting - Pitching for UCLA Bruins : RHP Billy McKinzie
|
Batting: RHB Luis Jara
|
0-0: Ball 1-0: Foul Ball, location: 2F 1-1: Ground out 5-3 (Groundball, 56, EV 81.9 MPH)
|
Batting: LHB Pete Mitchell
|
0-0: Ball 1-0: Called Strike 1-1: SOLO HOME RUN (Flyball, 78XD, EV 98.8 MPH), Distance : 412 ft
|
Batting: LHB Jose Diaz
|
0-0: Ball 1-0: Called Strike 1-1: Ball 2-1: Ground out 4-3 (Groundball, 4, EV 85.0 MPH)
|
Batting: RHB Gary Smith
|
0-0: Swinging Strike 0-1: Ball 1-1: Ground out 5-3 (Groundball, 56, EV 106.2 MPH)
|
Bottom of the 3rd over - 1 run, 1 hit, 0 errors, 0 left on base; UCLA 1 - Vanderbilt University 3 |
TOP OF THE 4TH |
UCLA Bruins batting - Pitching for Vanderbilt University Commodores : RHP Alex de la Cruz
|
Batting: RHB Issac Konol
|
0-0: Ball 1-0: Ball 2-0: Fly out, F9 (Flyball, 89S, EV 88.1 MPH)
|
Batting: SHB Sean Munns
|
0-0: Fly out, F9 (Flyball, 89XD, EV 85.6 MPH)
|
Pinch Hitting: RHB Michael Alvarado
|
0-0: Swinging Strike 0-1: Ball 1-1: Ball 2-1: Called Strike 2-2: Ball 3-2: SINGLE (Line Drive, 78S, EV 99.4 MPH)
|
Pitching: RHP Matt Lane
|
|
Batting: LHB Mark Cummings
|
0-0: Swinging Strike 0-1: Called Strike 0-2: Strikes out swinging
|
Top of the 4th over - 0 runs, 1 hit, 0 errors, 1 left on base; UCLA 1 - Vanderbilt University 3 |
BOTTOM OF THE 4TH |
Vanderbilt University Commodores batting - Pitching for UCLA Bruins : RHP Billy McKinzie
|
Now at 3B: Ken Hillman
|
|
Batting: LHB Mario Garza
|
0-0: Called Strike 0-1: Foul Ball, location: 2F 0-2: Strikes out swinging
|
Batting: SHB Felipe Campanella
|
0-0: Ball 1-0: Ball 2-0: Foul Ball, location: 2F 2-1: Called Strike 2-2: Ball 3-2: Strikes out swinging
|
Batting: RHB Pakiana Kileona
|
0-0: Ball 1-0: Ball 2-0: Swinging Strike 2-1: Ball 3-1: Base on Balls
|
Batting: LHB Nate Greening
|
0-0: Ground out U3 (Groundball, 34S, EV 91.9 MPH)
|
Bottom of the 4th over - 0 runs, 0 hits, 0 errors, 1 left on base; UCLA 1 - Vanderbilt University 3 |
TOP OF THE 5TH |
UCLA Bruins batting - Pitching for Vanderbilt University Commodores : RHP Matt Lane
|
Batting: RHB Benedikt Fleischmann
|
0-0: Ball 1-0: Ground out 5-3 (Groundball, 5L, EV 98.8 MPH)
|
Batting: RHB Hidesuke Yoshida
|
0-0: Ball 1-0: Called Strike 1-1: Ball 2-1: Foul Ball, location: 2F 2-2: SINGLE (Line Drive, 8LS, EV 92.5 MPH)
|
Batting: RHB Juan Carrillo
|
0-0: Foul Ball, location: 2F 0-1: Ball 1-1: Called Strike Hidesuke Yoshida steals 2nd base 1-2: Foul Ball, location: 2F 1-2: Foul Ball, location: 2F 1-2: SINGLE (Flyball, 3D, EV 94.4 MPH) Hidesuke Yoshida to third
|
Batting: RHB Xavier Reeves
|
0-0: Ball 1-0: 3-RUN HOME RUN (Flyball, 78XD, EV 99.4 MPH), Distance : 406 ft
|
Pitching: LHP Zach Harris
|
|
Batting: RHB Angel Melendez
|
0-0: Ball 1-0: Swinging Strike 1-1: Called Strike 1-2: Ball 2-2: Ball 3-2: Base on Balls
|
Batting: RHB Issac Konol
|
0-0: Ball 1-0: Called Strike Angel Melendez steals 2nd base (no throw) 1-1: Called Strike 1-2: Ball 2-2: Ball 3-2: Base on Balls
|
Batting: SHB Sean Munns
|
0-0: Foul Ball, location: 2F 0-1: Swinging Strike 0-2: Ball 1-2: Fly out, F7 (Flyball, 78D, EV 76.9 MPH)
|
Batting: RHB Ken Hillman
|
0-0: Ball 1-0: Ball 2-0: Called Strike 2-1: Foul Ball, location: 2F 2-2: Ball 3-2: Foul Ball, location: 2F 3-2: Base on Balls Angel Melendez to third Issac Konol to second
|
Batting: LHB Mark Cummings
|
0-0: Ball 1-0: Called Strike 1-1: Ball 2-1: Foul Ball, location: 2F 2-2: Foul Ball, location: 2F 2-2: Ball 3-2: Base on Balls Angel Melendez scores Issac Konol to third Ken Hillman to second
|
Pitching: RHP Craig Wayne
|
|
Batting: RHB Benedikt Fleischmann
|
0-0: Called Strike 0-1: SINGLE (Line Drive, 6MD, EV 100.0 MPH) Issac Konol scores Ken Hillman to third Mark Cummings to second Runner from 3rd tries for Home, SAFE, throw by CF to home
|
Batting: RHB Hidesuke Yoshida
|
0-0: Ball 1-0: Ball 2-0: Ball 3-0: Base on Balls Mark Cummings to third Benedikt Fleischmann to second
|
Batting: RHB Juan Carrillo
|
0-0: Ball 1-0: Called Strike 1-1: Ball 2-1: Ball 3-1: Called Strike 3-2: Base on Balls Mark Cummings scores Benedikt Fleischmann to third Hidesuke Yoshida to second
|
Batting: RHB Xavier Reeves
|
0-0: Fly out, F9 (Line Drive, 9S, EV 88.8 MPH)
|
Top of the 5th over - 7 runs, 4 hits, 0 errors, 3 left on base; UCLA 8 - Vanderbilt University 3 |
BOTTOM OF THE 5TH |
Vanderbilt University Commodores batting - Pitching for UCLA Bruins : RHP Billy McKinzie
|
Batting: RHB Alex Diaz
|
0-0: Ball 1-0: Foul Ball, location: 2F 1-1: SINGLE (Groundball, 5S, EV 68.8 MPH) (infield hit)
|
Batting: RHB Luis Jara
|
0-0: Called Strike 0-1: Ball 1-1: DOUBLE (Line Drive, 78D, EV 105.6 MPH) Alex Diaz to third Runner from 3rd tries for Home, SAFE, no throw by CF
|
Batting: LHB Pete Mitchell
|
0-0: Foul Ball, location: 2F 0-1: Ball 1-1: Foul Ball, location: 2F 1-2: Foul Ball, location: 2F 1-2: Fly out, F7 (Line Drive, 7S, EV 88.8 MPH)
|
Pitching: LHP Kenny Coolbaugh
|
|
Batting: LHB Jose Diaz
|
0-0: Fly out, F8 (Flyball, 89M, EV 83.8 MPH)
|
Batting: RHB Gary Smith
|
0-0: Foul Ball, location: 2F 0-1: Ball 1-1: Swinging Strike 1-2: Foul Ball, location: 2F 1-2: Ball 2-2: Fly out, F8 (Flyball, 8RD, EV 97.5 MPH)
|
Bottom of the 5th over - 1 run, 2 hits, 0 errors, 1 left on base; UCLA 8 - Vanderbilt University 4 |
TOP OF THE 6TH |
UCLA Bruins batting - Pitching for Vanderbilt University Commodores : RHP Craig Wayne
|
Batting: RHB Angel Melendez
|
0-0: Called Strike 0-1: Ground out 4-3 (Groundball, 4S, EV 66.2 MPH)
|
Batting: RHB Issac Konol
|
0-0: Ball 1-0: Ball 2-0: Called Strike 2-1: Foul Ball, location: 2F 2-2: SINGLE (Line Drive, 89S, EV 103.8 MPH)
|
Batting: SHB Sean Munns
|
0-0: Called Strike 0-1: Swinging Strike 0-2: Ball 1-2: Foul Ball, location: 2F 1-2: Ball 2-2: Ball 3-2: Foul Ball, location: 2F 3-2: DOUBLE (Line Drive, 78D, EV 108.1 MPH) Issac Konol to third
|
Batting: RHB Ken Hillman
|
0-0: Ball 1-0: Foul Ball, location: 2F 1-1: Foul Ball, location: 2F 1-2: Ball 2-2: Fly out, F7 (Flyball, 7S, EV 88.8 MPH)
|
Batting: LHB Mark Cummings
|
0-0: Called Strike 0-1: Foul Ball, location: 2F 0-2: Ball 1-2: Ground out 4-3 (Groundball, 4, EV 86.9 MPH)
|
Top of the 6th over - 0 runs, 2 hits, 0 errors, 2 left on base; UCLA 8 - Vanderbilt University 4 |
BOTTOM OF THE 6TH |
Vanderbilt University Commodores batting - Pitching for UCLA Bruins : LHP Kenny Coolbaugh
|
Batting: LHB Mario Garza
|
0-0: Fly out, F8 (Line Drive, 8RD, EV 85.6 MPH)
|
Batting: SHB Felipe Campanella
|
0-0: Ball 1-0: Foul Ball, location: 2F 1-1: Ball 2-1: Ball 3-1: Base on Balls
|
Batting: RHB Pakiana Kileona
|
0-0: Ball 1-0: Fly out, F8 (Flyball, 78M, EV 93.1 MPH)
|
Batting: LHB Nate Greening
|
0-0: Ball 1-0: Ball 2-0: Foul Ball, location: 2F 2-1: 2-RUN HOME RUN (Flyball, 9D, EV 96.9 MPH), Distance : 355 ft
|
Batting: RHB Alex Diaz
|
0-0: Foul Ball, location: 2F 0-1: Ball 1-1: Called Strike 1-2: Ball 2-2: Ball 3-2: Base on Balls
|
Pitching: RHP Quincy Bowen
|
|
Batting: RHB Luis Jara
|
0-0: Ball 1-0: Fly out, F8 (Flyball, 8LD, EV 78.8 MPH)
|
Bottom of the 6th over - 2 runs, 1 hit, 0 errors, 1 left on base; UCLA 8 - Vanderbilt University 6 |
TOP OF THE 7TH |
UCLA Bruins batting - Pitching for Vanderbilt University Commodores : RHP Craig Wayne
|
Pitching: RHP Tyler Patel
|
|
Batting: RHB Benedikt Fleischmann
|
0-0: Called Strike 0-1: Ground out 6-3 (Groundball, 4M, EV 100.6 MPH)
|
Batting: RHB Hidesuke Yoshida
|
0-0: Ball 1-0: Called Strike 1-1: Called Strike 1-2: Ball 2-2: Ground out 6-3 (Groundball, 56D, EV 83.8 MPH)
|
Batting: RHB Juan Carrillo
|
0-0: Ball 1-0: Foul Ball, location: 2F 1-1: Ball 2-1: Fly out, F9 (Flyball, 9LMF, EV 101.2 MPH)
|
Top of the 7th over - 0 runs, 0 hits, 0 errors, 0 left on base; UCLA 8 - Vanderbilt University 6 |
BOTTOM OF THE 7TH |
Vanderbilt University Commodores batting - Pitching for UCLA Bruins : RHP Quincy Bowen
|
Batting: LHB Pete Mitchell
|
0-0: Ball 1-0: Called Strike 1-1: Fly out, F7 (Flyball, 78M, EV 75.0 MPH)
|
Batting: LHB Jose Diaz
|
0-0: Called Strike 0-1: Fly out, F5 (Popup, 5S, EV 67.5 MPH)
|
Batting: RHB Gary Smith
|
0-0: Called Strike 0-1: Ball 1-1: Ball 2-1: Foul Ball, location: 2F 2-2: Foul Ball, location: 2F 2-2: Ball 3-2: Foul Ball, location: 2F 3-2: Base on Balls
|
Pinch Hitting: SHB Hui Li
|
0-0: Ball 1-0: Called Strike 1-1: Called Strike 1-2: Ball 2-2: Fielders Choice at 2nd, 6-4 (Groundball, 56D, EV 100.6 MPH)
|
Bottom of the 7th over - 0 runs, 0 hits, 0 errors, 1 left on base; UCLA 8 - Vanderbilt University 6 |
TOP OF THE 8TH |
UCLA Bruins batting - Pitching for Vanderbilt University Commodores : RHP Tyler Patel
|
Now in LF: Hui Li
|
|
Batting: RHB Xavier Reeves
|
0-0: Ball 1-0: Ball 2-0: Ball 3-0: Base on Balls
|
Batting: LHB Bill Helmer
|
0-0: Ball 1-0: Called Strike 1-1: Called Strike Xavier Reeves steals 2nd base 1-2: Ground out 6-3 (Groundball, 56D, EV 88.1 MPH)
|
Batting: RHB Issac Konol
|
0-0: Intentional Walk
|
Batting: SHB Sean Munns
|
0-0: Ball 1-0: Grounds into double play, 4-6-3 (Groundball, 4, EV 85.0 MPH)
|
Top of the 8th over - 0 runs, 0 hits, 0 errors, 1 left on base; UCLA 8 - Vanderbilt University 6 |
BOTTOM OF THE 8TH |
Vanderbilt University Commodores batting - Pitching for UCLA Bruins : RHP Quincy Bowen
|
Pitching: LHP Honor Munoz
|
|
Batting: SHB Felipe Campanella
|
0-0: Ball 1-0: Called Strike 1-1: SINGLE (Line Drive, 4D, EV 96.9 MPH)
|
Batting: RHB Pakiana Kileona
|
0-0: Foul Ball, location: 2F 0-1: Called Strike 0-2: Fly out, F9 (Flyball, 89S, EV 87.5 MPH)
|
Batting: LHB Nate Greening
|
0-0: Ball 1-0: Swinging Strike 1-1: Ball 2-1: Ball 3-1: Called Strike 3-2: Base on Balls Felipe Campanella to second
|
Batting: RHB Alex Diaz
|
0-0: Ball 1-0: Fly out, F7 (Flyball, 7, EV 79.4 MPH)
|
Batting: RHB Luis Jara
|
0-0: Fly out, F9 (Line Drive, 89M, EV 93.8 MPH)
|
Bottom of the 8th over - 0 runs, 1 hit, 0 errors, 2 left on base; UCLA 8 - Vanderbilt University 6 |
TOP OF THE 9TH |
UCLA Bruins batting - Pitching for Vanderbilt University Commodores : RHP Tyler Patel
|
Pitching: RHP Milutin Mladjenovic
|
|
Batting: RHB Ken Hillman
|
0-0: Foul Ball, location: 2F 0-1: Called Strike 0-2: SINGLE (Groundball, 6MD, EV 105.0 MPH) (infield hit)
|
Batting: LHB Mark Cummings
|
0-0: Foul Ball, location: 2F 0-1: Foul Ball, location: 2F 0-2: Foul Ball, location: 2F 0-2: Fly out, F8 (Flyball, 8LD, EV 101.9 MPH)
|
Batting: RHB Benedikt Fleischmann
|
0-0: Ball 1-0: Ball 2-0: Ball 3-0: Called Strike 3-1: Foul Ball, location: 2F 3-2: Foul Ball, location: 2F 3-2: SINGLE (Flyball, 78S, EV 97.5 MPH) Ken Hillman to second
|
Batting: RHB Hidesuke Yoshida
|
0-0: Ball 1-0: Ball 2-0: Ball 3-0: Called Strike 3-1: Foul Ball, location: 2F 3-2: Strikes out looking
|
Batting: RHB Juan Carrillo
|
0-0: Ball 1-0: Ball 2-0: Swinging Strike 2-1: SINGLE (Line Drive, 6MD, EV 100.6 MPH) Ken Hillman to third Benedikt Fleischmann to second Runner from 3rd tries for Home, SAFE, throw by CF to home
|
Batting: RHB Xavier Reeves
|
0-0: Ball 1-0: Ball 2-0: Ball 3-0: Base on Balls Benedikt Fleischmann to third Juan Carrillo to second
|
Batting: LHB Scott Mullett
|
0-0: Ball 1-0: Foul Ball, location: 2F 1-1: Foul Ball, location: 2F 1-2: Fielders Choice at 2nd, 5-4 (Groundball, 5, EV 90.6 MPH)
|
Top of the 9th over - 1 run, 3 hits, 0 errors, 3 left on base; UCLA 9 - Vanderbilt University 6 |
BOTTOM OF THE 9TH |
Vanderbilt University Commodores batting - Pitching for UCLA Bruins : LHP Honor Munoz
|
Pitching: RHP Kyle Mann
|
|
Batting: LHB Pete Mitchell
|
0-0: Ball 1-0: Ground out 2-3 (Groundball, 2R, EV 73.8 MPH)
|
Batting: LHB Jose Diaz
|
0-0: Swinging Strike 0-1: Ball 1-1: Fly out, F6 (Popup, 6, EV 58.1 MPH)
|
Batting: RHB Gary Smith
|
0-0: Ball 1-0: Foul Ball, location: 2F 1-1: Ball 2-1: Ball 3-1: Ground out 6-3 (Groundball, 6, EV 85.0 MPH)
|
Bottom of the 9th over - 0 runs, 0 hits, 0 errors, 0 left on base; UCLA 9 - Vanderbilt University 6 |
|